 Dungeon Crawl Stone Soup version 0.27-a0-1196-g3e9cee4cb2 (webtiles) character file.

Game seed: 629037864660905029

195 Morbidden the Grave Robber (level 5, -6/44 HPs)
             Began as a Deep Dwarf Necromancer on May 29, 2021.
             Mangled by a wyvern skeleton (12 damage)
             ... on level 4 of the Dungeon.
             The game lasted 00:06:46 (3637 turns).

Morbidden the Grave Robber (Deep Dwarf Necromancer) Turns: 3637, Time: 00:06:47

Health: -6/44      AC:  5    Str: 11    XL:     5   Next: 45%
Magic:  9/9        EV: 12    Int: 17    God:
Gold:   191        SH:  0    Dex: 13    Spells: 6/10 levels left

rFire    . . .     SeeInvis .   a - +0 dagger (venom)
rCold    . . .     Faith    .   (no shield)
rNeg     . . .     Spirit   .   d - +1 robe {Will+}
rPois    .         Reflect  .   (no helmet)
rElec    .         Harm     .   g - +1 cloak
rCorr    .         Rampage  .   (no gloves)
Will     +....                  (no boots)
Stlth    ++........             (no amulet)
HPRegen  0.00/turn              (no ring)
MPRegen  0.11/turn              (no ring)

@: no status effects
A: damage resistance, heal wounds, sense surroundings 1, no regeneration
a: Heal Wounds


You were on level 4 of the Dungeon.
You visited 1 branch of the dungeon, and saw 4 of its levels.

You collected 191 gold pieces.

Inventory:

Hand Weapons
 a - a +0 dagger of venom (weapon)
 b - a +0 long sword
Missiles
 c - 59 stones
Armour
 d - a +1 robe of willpower (worn)
 g - a +1 cloak (worn)
Scrolls
 e - a scroll of amnesia {unknown}
 k - a scroll of immolation {unknown}
 l - a scroll of identify {unknown}
 m - 2 scrolls of teleportation {unknown}
 p - a scroll of magic mapping {unknown}
 r - 2 scrolls of enchant armour {unknown}
 s - a scroll of vulnerability {unknown}
Potions
 f - a potion of haste {unknown}
 h - a potion of brilliance {unknown}
 i - a potion of lignification {unknown}
 j - 3 potions of mutation {unknown}
 n - 2 potions of flight {unknown}
 o - a potion of might {unknown}
 q - a potion of invisibility
 t - a potion of ambrosia {unknown}


   Skills:
 * Level 1.3 Fighting
 * Level 0.2 Long Blades
 * Level 2.8 Dodging
 + Level 3.2 Stealth
 * Level 3.0 Spellcasting
 * Level 5.6 Necromancy


You had 6 spell levels left.
You knew the following spells:

 Your Spells              Type           Power      Damage    Failure   Level
a - Pain                  Necr           84%        1d8       1%          1
b - Vampiric Draining     Necr           10%        2d7       4%          3

Your spell library contained the following spells:

 Spells                   Type           Power      Damage    Failure   Level
 Animate Skeleton         Necr           42%        N/A       1%          1
 Animate Dead             Necr           10%        N/A       17%         4
 Agony                    Necr           21%        N/A       43%         5
 Borgnjor's Vile Clutch   Necr/Erth      6%         N/A       83%         5
 Death Channel            Necr           10%        N/A       95%         6
 Simulacrum               Ice/Necr       6%         N/A       100%        6


Dungeon Overview and Level Annotations

Branches:
Dungeon (4/15)
 Temple: D:4-7

Altars:

Shops:
D:1 ?

Annotations:
D:3 Robin


Innate Abilities, Weirdness & Mutations

You are resistant to damage.
You can heal yourself by infusing magical energy.
You passively map a small area around you.
You do not regenerate.


Message History

Your magical contamination has completely faded away.
Done exploring.
Done exploring.
Done exploring.
There is a stone staircase leading down here.
You climb downwards.
Found a dagger.
There is a stone staircase leading up here.
Unknown command.
A wyvern skeleton comes into view.
A wyvern skeleton is nearby!
The wyvern skeleton barely misses you.
You hit the wyvern skeleton.
The wyvern skeleton is lightly damaged.
The wyvern skeleton bites you.
Unknown command.
You hit the wyvern skeleton.
The wyvern skeleton is lightly damaged.
The wyvern skeleton bites you!
You hit the wyvern skeleton but do no damage.
The wyvern skeleton is lightly damaged.
The wyvern skeleton misses you. The wyvern skeleton closely misses you.
You hit the wyvern skeleton.
The wyvern skeleton is lightly damaged.
The wyvern skeleton barely misses you.
You hit the wyvern skeleton.
The wyvern skeleton is moderately damaged.
The wyvern skeleton bites you!
You hit the wyvern skeleton but do no damage.
The wyvern skeleton is moderately damaged.
The wyvern skeleton bites you!
The wyvern skeleton bites you but does no damage.
You hit the wyvern skeleton.
The wyvern skeleton is heavily damaged.
The wyvern skeleton bites you!
* * * LOW HITPOINT WARNING * * *
Unknown command.
The wyvern skeleton closely misses you. The wyvern skeleton bites you!
You die...

, ...##.. , **
.......#### ,
*
..........##,
,
......###..#,,
* ..... ##.# *
, , ...., #.#
, * ... #.# ,
## * #Z## , *
,., #.@# * * *
*#..####.#
#......######
##....<.....#
#..........# ,
, #..........#
, #..........#
* #...)......#
* #..........#


You could see a wyvern skeleton.

Vanquished Creatures
  A hound (D:3)
  An orc wizard (D:3)
  3 gnolls (D:2)
  5 adders
  A worm (D:2)
  A dart slug (D:3)
  4 endoplasms
  3 giant cockroaches (D:3)
  10 goblins
  4 hobgoblins
  6 jackals (D:2)
  5 kobolds
  3 ball pythons
  9 bats
  A frilled lizard (D:3)
  9 rats
66 creatures vanquished.

Vanquished Creatures (others)
  A plant (D:2)
1 creature vanquished.

Grand Total: 67 creatures vanquished

Notes
Turn   | Place    | Note
-------+----------+-------------------------------------------
     0 | D:1      | Morbidden the Deep Dwarf Necromancer began the quest for
                  | the Orb.
     0 | D:1      | Reached XP level 1. HP: 15/15 MP: 3/3
   119 | D:1      | Found Mobuh's Magic Scroll Boutique.
   167 | D:1      | Reached XP level 2. HP: 22/22 MP: 2/4
   489 | D:1      | Found a faded altar of an unknown god.
   574 | D:1      | Reached skill level 5 in Necromancy
  1034 | D:2      | Reached XP level 3. HP: 28/28 MP: 1/6
  1244 | D:2      | Learned a level 3 spell: Vampiric Draining
  1415 | D:2      | Reached XP level 4. HP: 33/36 MP: 0/7
  2690 | D:3      | Noticed Robin
  2776 | D:3      | Reached skill level 1 in Fighting
  2776 | D:3      | Reached XP level 5. HP: 43/44 MP: 3/9
  3637 | D:4      | Mangled by a wyvern skeleton

Illustrated notes

Levels and vault maps discovered:
D:1:      scummos_arrival_forest, layout_basic, ebering_ecumenical_altar_rust,
          serial_shops, nicolae_shop_crystal
D:2:      layout_loops_ring, serial_glass, glass_columns_b, glass_columns_c,
          supply_closet_lemuel, serial_bayou_pond_a
D:3:      layout_basic, minmay_fractal_squares_gapless_5, uniq_robin
D:4:      layout_rooms, nicolae_overflow_crystal_walls, trog_butcher_becter,
          serial_bayou_pond_d, uniq_grinder

Skill      XL: |  1  2  3  4  5 |
---------------+----------------+-----
Necromancy     | 5 |  5.6
Spellcasting   | 2 3 |  3.0
Stealth        | 3 |  3.2
Fighting       | 1 |  1.3
Long Blades    | |  0.2
Dodging        | |  2.8

Action                   |  1- 3 |  4- 6 || total
-------------------------+-------+-------++-------
Melee: Long sword        |    28 |     5 ||    33
       Dagger            |       |     7 ||     7
 Cast: Pain              |    49 |    45 ||    94
       Vampiric Draining |       |    10 ||    10
Armor: Robe              |    19 |     7 ||    26
Dodge: Dodged            |    38 |    12 ||    50
       Rpst.: Long sword |     6 |     2 ||     8

Table legend: (Time is in decaauts)
 A = Elapsed time spent in this place.
 B = Non-inter-level travel time spent in this place.
 C = Inter-level travel time spent in this place.
 D = Time resting spent in this place.
 E = Time spent auto-exploring this place.
 F = Levels seen in this place.
 G = Mean time per level.
                   A        B        C        D        E       F      G
               +--------+--------+--------+--------+--------+-----+--------+
         Total |   3651 |   3530 |    121 |      4 |   3003 |   4 |  912.8 |
       Dungeon |   3651 |   3530 |    121 |      4 |   3003 |   4 |  912.8 |
               +--------+--------+--------+--------+--------+-----+--------+

Top non-repeatable levels by time:
     D:3: 1397 daAuts
     D:2: 1238 daAuts
     D:1: 991 daAuts
     D:4: 23 daAuts
